 Dungeon Crawl Stone Soup version 0.27-a0-1140-g099f9bb0e8 (webtiles) character file.

Game seed: 3553736143830178403

51 dickylongcocking the Stinger (level 3, 0/23 HPs)
             Began as an Octopode Venom Mage on May 8, 2021.
             Slain by a worm (11 damage)
             ... on level 2 of the Dungeon.
             The game lasted 00:01:05 (2431 turns).

dickylongcocking the Stinger (Octopode Venom Mage)  Turns: 2431, Time: 00:01:05

Health: 0/23       AC:  1    Str:  7    XL:     3   Next: 83%
Magic:  6/6        EV: 13    Int: 18    God:
Gold:   103        SH:  0    Dex: 12    Spells: 5/6 levels left

rFire    . . .     SeeInvis .     - Unarmed
rCold    . . .     Faith    .   (no shield)
rNeg     . . .     Spirit   .   (helmet restricted)
rPois    .         Reflect  .   (no amulet)
rElec    .         Harm     .   (no ring)
rCorr    .         Rampage  .   (no ring)
Will     .....                  (no ring)
Stlth    +++.......             (no ring)
HPRegen  0.07/turn              (no ring)
MPRegen  0.10/turn              (no ring)
                                (no ring)
                                (no ring)

@: lethally poisoned (0 -> -1)
A: almost no armour, amphibious, 8 rings, camouflage 1, gelatinous body 1,
(nimble swimmer 1), tentacles
a: no special abilities


You were on level 2 of the Dungeon.
You visited 1 branch of the dungeon, and saw 2 of its levels.

You collected 103 gold pieces.

Inventory:

Scrolls
 a - 2 scrolls of identify {unknown}
 c - a scroll of noise {unknown}
 f - a scroll of teleportation {unknown}
Potions
 b - a potion of degeneration {unknown}
 d - a potion of might {unknown}
 e - a potion of brilliance {unknown}


   Skills:
 * Level 1.5 Fighting
 - Level 2.0 Dodging
 + Level 3.4 Stealth
 * Level 1.5 Unarmed Combat
 - Level 2.1 Spellcasting
 - Level 1.0 Transmutations
 - Level 4.0 Poison Magic


You had 5 spell levels left.
You knew the following spells:

 Your Spells              Type           Power      Damage    Failure   Level
a - Sting                 Tmut/Pois      44%        1d5       6%          1

Your spell library contained the following spells:

 Spells                   Type           Power      Damage    Failure   Level
 Poisonous Vapours        Pois/Air       18%        N/A       12%         2
 Animate Skeleton         Necr           2%         N/A       19%         1
 Pain                     Necr           4%         1d4       19%         1
 Ignite Poison            Fire/Tmut/Pois 8%         N/A       26%         3
 Mephitic Cloud           Conj/Pois/Air  6%         N/A       30%         3
 Olgreb's Toxic Radiance  Pois           16%        N/A       32%         4
 Confusing Touch          Hex            1%         N/A       47%         3
 Gell's Gravitas          Tloc           0%         N/A       47%         3
 Vampiric Draining        Necr           0%         2d6       47%         3
 Petrify                  Tmut/Erth      3%         N/A       82%         4
 Animate Dead             Necr           0%         N/A       87%         4
 Agony                    Necr           1%         N/A       99%         5
 Metabolic Englaciation   Hex/Ice        0%         N/A       99%         5
 Yara's Violent Unravell  Hex/Tmut       1%         3d3       99%         5


Dungeon Overview and Level Annotations

Branches:
Dungeon (2/15)

Altars:

Shops:
D:1 :


Innate Abilities, Weirdness & Mutations

You cannot wear most types of armour.
You are amphibious.
You can wear up to eight rings at the same time.
Your skin changes colour to match your surroundings (Stealth+).
Your rubbery body absorbs attacks. (AC +1, EV +1)
((You are camouflaged near water. (Stealth+)))
You have tentacles for arms and can constrict up to eight enemies at once.


Message History

You now have 103 gold pieces (gained 9).
You see here a +0 short sword.
Key pressed, stopping explore.
No target in view!
Key pressed, stopping explore.
No target in view!
e - a purple potion;
f - a scroll labelled DUNUAG HY GOI No target in view!
An adder comes into view.
The adder hisses angrily.
A worm comes into view.
There are monsters nearby!
The adder misses you.
There are monsters nearby!
You aren't carrying any pieces of jewellery.
Unknown command.
You barely miss the adder. You grab the adder. You constrict the adder.
The adder barely misses you.
You tentacle-slap the adder.
The adder is heavily wounded.
You constrict the adder. The adder bites you.
You are poisoned.
The adder poisons you!
You tentacle-slap the adder.
The adder is almost dead.
You constrict the adder.
You feel sick. The adder closely misses you. The adder bites you.
You barely miss the adder.
The adder is almost dead.
You constrict the adder.
You kill the adder!
You feel sick.
You tentacle-slap the worm. Your grab misses the worm.
The worm is lightly wounded.
You feel sick.
You tentacle-slap the worm. You grab the worm.
The worm is moderately wounded.
You constrict the worm, but do no damage.
You feel sick. The worm bites you!
You die...

#................##
#..##..(.........#
#..####..........#
#.........##.......
#..#####.###...####
#..# #. ...# #..#
#..#########
#...@w......
############


You could see a worm.

Vanquished Creatures
  2 adders (D:2)
  A worm (D:2)
  A dart slug (D:2)
  4 bats
  An endoplasm (D:1)
  4 goblins
  4 hobgoblins
  2 jackals (D:1)
  A quokka (D:1)
  3 frilled lizards
  5 kobolds
28 creatures vanquished.

Notes
Turn   | Place    | Note
-------+----------+-------------------------------------------
     0 | D:1      | dickylongcocking the Octopode Venom Mage began the quest
                  | for the Orb.
     0 | D:1      | Reached XP level 1. HP: 11/11 MP: 3/3
   137 | D:1      | Reached skill level 4 in Poison Magic
   250 | D:1      | Reached XP level 2. HP: 17/17 MP: 3/5
   491 | D:1      | You fall into a shaft and drop 1 floor!
  1046 | D:1      | Found Reckiog's Book Boutique.
  1415 | D:1      | Reached XP level 3. HP: 17/22 MP: 6/6
  1417 | D:1      | Reached skill level 1 in Fighting
  1417 | D:1      | Reached skill level 1 in Unarmed Combat
  2431 | D:2      | Slain by a worm

Illustrated notes

Levels and vault maps discovered:
D:1:      tarquinn_simple_flora_water_e, layout_loops_corners, serial_shops,
          shop
D:2:      layout_loops_ring

Skill      XL: |  1  2  3 |
---------------+----------+-----
Poison Magic   | 4 |  4.0
Stealth        | 3 |  3.4
Fighting       | 1 |  1.5
Unarmed Combat | 1 |  1.5
Dodging        | |  2.0
Spellcasting   | |  2.1
Transmutations | |  1.0

Action                   || total
-------------------------++-------
Melee: Unarmed           ||    74
       Constrict         ||    21
       Tentacles         ||    11
 Cast: Sting             ||     8
 Stab: Sleeping          ||     7
Armor: Skin              ||     4
Dodge: Dodged            ||    40

Table legend: (Time is in decaauts)
 A = Elapsed time spent in this place.
 B = Non-inter-level travel time spent in this place.
 C = Inter-level travel time spent in this place.
 D = Time resting spent in this place.
 E = Time spent auto-exploring this place.
 F = Levels seen in this place.
 G = Mean time per level.
                   A        B        C        D        E       F      G
               +--------+--------+--------+--------+--------+-----+--------+
         Total |   2430 |   2335 |     95 |    357 |   1756 |   2 | 1215.0 |
       Dungeon |   2430 |   2335 |     95 |    357 |   1756 |   2 | 1215.0 |
               +--------+--------+--------+--------+--------+-----+--------+

Top non-repeatable levels by time:
     D:1: 1335 daAuts
     D:2: 1095 daAuts
